Map: Solaris LE

Players

TerranYOUup - Winner!

  • Race: Terran Terran
  • League: Diamond
  • Spawn Location: 7:00

StrawHat

  • Race: Zerg Zerg
  • League: Diamond
  • Spawn Location: 1:00

VOD

Have the link to the VOD?

Description

Time

  • Played on: Nov. 4, 2023, 9:18 p.m.
  • Length: 18:06
Show
View Real Time Build Order
Export as new Build Order

TerranYOUup Terran - Winner!

Build Orders: 2 Factory, Cyclone Opening, Mech 

Get SALT Encoding   

  12  0:00  SCV  
  13  0:13  SCV  
  14  0:20  Supply Depot  
  14  0:25  SCV  
  15  0:35  Refinery  
  15  0:41  SCV  
  16  0:46  Barracks  
  16  0:53  SCV  
  16  0:55  Refinery  
  17  1:05  SCV  
  18  1:17  SCV  
  19  1:30  SCV  
  20  1:37  Factory  
  20  1:42  Orbital Command  
  20  1:51  Factory  
  20  1:58  Supply Depot  
  20  2:08  SCV  
  21  2:20  SCV  
  21  2:21  Cyclone  
  24  2:24  Supply Depot  
  24  2:32  SCV  
  25  2:43  Cyclone  
  27  2:57  Command Center  
  27  2:59  SCV  
  28  3:21  Command Center  
  28  3:24  Factory Tech Lab  
  28  3:26  Factory Tech Lab  
  28  3:43  Armory  
  28  3:48  Armory  
  28  3:50  Siege Tank  
  31  3:59  Siege Tank  
  34  4:07  SCV  
  35  4:12  Orbital Command  
  35  4:18  Refinery  
  35  4:19  SCV  
  36  4:31  SCV  
  36  4:37  SCV  
  38  4:43  SCV  
  38  4:44  SCV  
  38  4:45  Refinery  
  41  4:53  Orbital Command  
  41  4:55  SCV  
  41  4:56  SCV  
  42  5:01  Terran Vehicle Weapons Level 1  
  42  5:02  Terran Vehicle And Ship Armor Level 1  
  42  5:08  SCV x2  
  44  5:20  SCV x2  
  46  5:24  SCV  
  46  5:25  Siege Tank  
  46  5:27  Siege Tank  
  53  5:32  SCV x2  
  55  5:39  SCV  
  56  5:44  SCV x2  
  58  5:51  SCV  
  58  5:56  SCV  
  58  5:57  SCV  
  61  6:00  Factory  
  61  6:01  Factory  
  61  6:02  Factory  
  61  6:05  Factory  
  61  6:09  Factory  
  61  6:24  SCV  
  61  6:25  SCV  
  69  6:30  Supply Depot x2  
  69  6:31  SCV, Supply Depot  
  64  6:36  SCV  
  64  6:37  SCV  
  66  6:40  Supply Depot  
  66  6:42  Supply Depot  
  66  6:44  SCV  
  67  6:48  Factory Tech Lab x2, Factory Reactor  
  67  6:49  Factory Reactor  
  67  6:57  Factory Reactor  
  67  7:01  Terran Vehicle Weapons Level 2, Terran Vehicle And Ship Armor Level 2  
  67  7:04  SCV x3  
  70  7:09  Siege Tank x2  
  70  7:11  Siege Tank  
  79  7:20  Supply Depot x2  
  79  7:23  Supply Depot  
  79  7:27  Hellion x4  
  79  7:28  Siege Tank  
  90  7:36  Hellion x2  
  94  7:40  Engineering Bay  
  94  7:43  Infernal Pre-Igniter  
  94  7:50  Hellion  
  94  7:51  Hellion x3  
  102  7:53  Siege Tank  
  102  7:57  SCV x2  
  107  8:02  Orbital Command  
  107  8:07  Siege Tank x2  
  107  8:09  SCV  
  114  8:16  SCV  
  115  8:21  SCV  
  116  8:27  SCV  
  116  8:28  SCV  
  116  8:29  Siege Tank x2  
  116  8:31  Hellion x4  
  116  8:33  SCV  
  133  8:41  Supply Depot x2  
  133  8:42  Supply Depot x2  
  133  8:45  Supply Depot  
  133  8:48  Sensor Tower  
  133  8:50  Missile Turret  
  133  8:52  Refinery  
  133  9:02  Siege Tank, Hellion, SCV x2  
  140  9:03  Siege Tank  
  143  9:13  Supply Depot  
  143  9:15  Supply Depot  
  143  9:17  Supply Depot  
  143  9:19  Refinery  
  143  9:25  SCV x2  
  143  9:26  SCV  
  143  9:27  Terran Vehicle Weapons Level 3  
  143  9:29  Hellion  
  143  9:30  Hellion x5  
  158  9:40  Supply Depot  
  158  9:47  Supply Depot  
  158  9:48  SCV  
  158  9:49  SCV x2  
  161  9:55  Command Center  
  161  9:58  Command Center  
  115  10:32  Command Center, Missile Turret  
  115  10:33  Siege Tank x4  
  115  10:34  Hellion x6  
  115  10:35  Command Center  
  139  10:46  Terran Vehicle And Ship Armor Level 3  
  139  10:54  Missile Turret  
  139  10:56  Starport  
  139  10:58  Starport  
  139  11:00  Starport  
  139  11:04  Hellion x6  
  103  11:38  Siege Tank x2  
  103  11:39  Siege Tank x2, Hellion  
  123  11:40  Hellion x5  
  127  11:50  Refinery x2  
  127  11:54  Sensor Tower  
  127  11:55  Orbital Command  
  127  11:58  Sensor Tower, Missile Turret, Refinery  
  126  12:04  Missile Turret  
  121  12:13  Siege Tank x2  
  107  12:28  Siege Tank x2  
  107  12:29  Hellion  
  115  12:30  Hellion  
  115  12:31  Starport Reactor  
  115  12:33  Starport Reactor  
  117  12:51  Siege Tank x2  
  107  12:52  Hellion  
  98  13:00  Siege Tank  
  93  13:09  Siege Tank  
  96  13:13  Planetary Fortress  
  96  13:19  SCV x3  
  96  13:23  Siege Tank  
  98  13:30  Siege Tank  
  98  13:31  Hellion x2  
  105  13:43  SCV x3  
  108  13:53  Siege Tank x2  
  108  13:54  Hellion  
  104  14:19  Cyclone x2  
  104  14:20  Cyclone x6  
  104  14:24  Starport Reactor, Liberator x2  
  120  14:25  Cyclone, SCV x2  
  130  14:35  Planetary Fortress  
  121  14:59  Cyclone x5  
  126  15:00  Cyclone x5  
  126  15:04  Missile Turret  
  131  15:11  SCV x4  
  129  15:26  SCV  
  129  15:27  SCV x2  
  129  15:31  Cyclone x4  
  117  15:49  Cyclone x6  
  118  15:58  SCV x4  
  122  16:06  Command Center  
  122  16:11  Hellion x2  
  122  16:12  Hellion x2  
  130  16:25  Hellion x5  
  129  16:40  Cyclone  
  129  16:41  Cyclone x4  
  127  17:03  Thor x2  
  128  17:32  Siege Tank x2, Hellion  
  128  17:33  Hellion x4  
  144  17:45  Hellion  
Show
View Real Time Build Order
Export as new Build Order

StrawHat Zerg 

Build Orders: Hatch First 

Get SALT Encoding   

  12  0:00  Drone  
  13  0:12  Overlord  
  13  0:16  Drone  
  14  0:32  Drone x2  
  16  0:49  Hatchery  
  15  0:51  Drone  
  15  0:55  Drone  
  17  0:58  Drone  
  18  1:08  Extractor  
  17  1:15  Spawning Pool  
  17  1:16  Drone  
  17  1:19  Drone  
  18  1:28  Drone  
  19  1:39  Drone  
  20  1:51  Drone  
  21  2:04  Zergling x2  
  21  2:05  Zergling x2  
  23  2:09  Hatchery  
  23  2:10  Queen  
  24  2:16  Queen  
  24  2:20  Metabolic Boost  
  27  2:22  Drone  
  27  2:27  Drone  
  28  2:37  Overlord  
  28  2:41  Overlord  
  28  2:55  Queen x2  
  28  2:58  Drone x2  
  34  2:59  Drone  
  34  3:01  Drone  
  34  3:05  Zergling x2  
  37  3:06  Zergling x2  
  37  3:09  Zergling x2  
  39  3:13  Zergling x2  
  39  3:17  Baneling Nest  
  39  3:23  Drone x3  
  42  3:31  Overlord  
  42  3:32  Overlord  
  42  3:34  Drone  
  42  3:35  Drone  
  42  3:41  Drone x3  
  46  3:51  Drone x2, Roach Warren  
  47  3:55  Overlord  
  47  4:01  Drone  
  48  4:03  Lair  
  48  4:09  Drone x3  
  51  4:10  Extractor  
  51  4:12  Drone  
  51  4:14  Drone x2  
  53  4:26  Overlord x3  
  53  4:33  Roach x2  
  53  4:35  Drone x4  
  61  4:45  Drone x3  
  64  4:46  Drone  
  64  4:51  Roach x3  
  71  4:56  Roach  
  73  5:01  Extractor  
  73  5:03  Drone x5  
  73  5:05  Extractor  
  76  5:08  Drone  
  77  5:15  Overlord  
  77  5:19  Roach x4  
  77  5:21  Overlord x4  
  85  5:28  Drone  
  85  5:29  Drone  
  85  5:31  Glial Reconstitution  
  87  5:51  Drone  
  87  5:52  Infestation Pit, Drone  
  87  5:53  Drone x7  
  95  6:02  Overlord x3  
  95  6:07  Roach  
  95  6:08  Roach x5  
  107  6:15  Overseer  
  107  6:19  Spore Crawler  
  107  6:22  Drone  
  107  6:23  Drone x3, Spire  
  109  6:29  Roach  
  109  6:31  Ravager  
  112  6:38  Drone, Hatchery  
  112  6:39  Drone x5  
  117  6:41  Extractor  
  117  6:42  Extractor, Hatchery  
  114  6:52  Roach x9  
  132  7:03  Infestor  
  134  7:22  Overlord x2  
  134  7:24  Infestor  
  134  7:25  Infestor, Roach  
  140  7:30  Zergling x14  
  140  7:32  Ravager  
  140  7:33  Drone  
  140  7:34  Drone x3  
  152  7:40  Overlord  
  152  7:42  Hive  
  152  7:47  Zergling x12  
  158  7:52  Pneumatized Carapace  
  158  7:54  Burrow  
  158  8:07  Infestor  
  160  8:12  Neural Parasite  
  160  8:14  Drone x8  
  160  8:15  Drone x5  
  160  8:18  Extractor  
  160  8:19  Extractor  
  170  8:31  Evolution Chamber  
  170  8:33  Evolution Chamber  
  167  8:36  Baneling x3  
  167  8:37  Baneling x7  
  167  8:38  Centrifugal Hooks  
  167  8:42  Queen  
  169  8:58  Infestor x3  
  175  9:16  Drone x3  
  178  9:18  Extractor x2  
  174  9:28  Hatchery  
  171  10:04  Zergling x2  
  171  10:05  Zergling x32  
  127  10:15  Roach  
  127  10:16  Roach x18  
  127  10:17  Zergling x6  
  127  10:18  Zergling x12  
  127  10:19  Ravager x4  
  171  10:21  Ravager  
  171  10:27  Roach x3  
  178  10:32  Baneling x16  
  178  10:33  Baneling, Roach x2  
  178  10:34  Roach x2  
  186  10:49  Drone  
  187  10:50  Drone x8  
  195  11:07  Roach  
  184  11:14  Roach  
  184  11:15  Roach x14  
  188  11:22  Zergling x2  
  188  11:23  Zergling x12  
  195  11:38  Overlord  
  195  11:39  Overlord x2  
  195  11:41  Overseer  
  195  11:42  Overseer x8  
  195  11:57  Overlord x3  
  195  11:58  Queen  
  195  12:01  Extractor x2  
  169  12:10  Zergling x2  
  169  12:11  Zergling x42, Hatchery  
  169  12:13  Unknown  
  138  12:24  Ravager x8  
  138  12:26  Infestor x5  
  138  12:27  Infestor  
  158  12:31  Zergling x2  
  158  12:32  Zergling x12  
  146  12:54  Roach  
  146  12:55  Infestor x5, Roach x17  
  152  13:13  Infestor  
  150  13:20  Roach x8  
  150  13:21  Roach x11  
  187  13:27  Ravager  
  187  13:28  Ravager x5  
  193  14:01  Infestor  
  145  14:07  Mutalisk x16  
  145  14:08  Mutalisk x10  
  164  14:19  Zergling x2  
  164  14:20  Zergling x10  
  171  14:24  Zergling x8  
  160  14:58  Mutalisk x14  
  182  15:09  Viper  
  185  15:16  Zergling x10  
  168  15:33  Zergling x40  
  149  15:45  Queen  
  147  15:50  Drone x3  
  147  15:54  Roach  
  147  15:55  Roach x6  
  139  16:05  Roach x7  
  139  16:06  Baneling x12  
  139  16:09  Mutalisk x5  
  163  16:12  Zergling x2  
  163  16:14  Baneling x10  
  162  16:22  Zergling x18  
  145  16:32  Roach x14  
  162  16:47  Roach x10  
  143  16:54  Zergling x10  
  143  17:00  Zergling x14  
  134  17:03  Ravager  
  134  17:04  Ravager x4  
  134  17:09  Zergling x6  
  120  17:18  Roach  
  120  17:19  Roach x6  
  122  17:23  Zergling x4  
  122  17:29  Roach x3  
  110  17:31  Baneling  
  110  17:33  Roach  
  110  17:34  Roach  
  114  17:39  Roach x3  
  120  17:48  Evolution Chamber  
  120  17:49  Evolution Chamber  
Tags
 
Add a new tag
Caveats
  • Supply blocks, unpowered buildings, or Contaminate may cause inaccurate times.
  • Supply counts are checked every 10 seconds.